 Dungeon Crawl Stone Soup version 0.31-a0-542-gdc2a67831c (webtiles) character file.

Game seed: 14791864595736716951

2790 heikuro the Shield-Bearer (level 10, 0/115 HPs)
             Began as a Formicid Fighter on Aug 14, 2023.
             Was a Follower of Okawaru.
             Succumbed to Erica's bolt of poison
             ... on level 7 of the Dungeon.
             The game lasted 00:20:05 (5816 turns).

heikuro the Shield-Bearer (Formicid Fighter)        Turns: 5816, Time: 00:20:05

Health: 0/115      AC: 25    Str: 24    XL:     10   Next: 2%
Magic:  12/13      EV:  2    Int:  9    God:    Okawaru [*.....]
Gold:   462        SH:  7    Dex: 13    Spells: 9/9 levels left

rFire   + . .        d - +1 halberd (heavy)
rCold   . . .        c - +0 buckler
rNeg    . . .        e - melded +0 chain mail
rPois   +            (helmet unavailable)
rElec   .            J - melded +0 cloak
rCorr   .            (gloves currently unavailable)
SInv    .            y - melded +0 pair of boots
Will    +....        (no amulet)
Stlth   +++          A - +5 ring of evasion
HPRegen 0.39/turn    I - ring of protection from fire
MPRegen 0.13/turn

%: no passive effects
@: mighty, lethally poisoned (0 -> -8), tree-form, heroic
A: stationary, stasis, torment immunity, boosted hp, permanent stasis, dig
shafts and tunnels, (antennae 3), four strong arms
a: Renounce Religion, Heroism


You were on level 7 of the Dungeon.
You worshipped Okawaru.
Okawaru was aware of your devotion.
You were a tree.
You visited 2 branches of the dungeon, and saw 9 of its levels.

You collected 462 gold pieces.

Inventory:

Hand Weapons
 a - a +0 war axe
 d - a +1 heavy halberd (weapon)
 u - a +1 flail of protection
 K - a +0 hand axe of freezing
Missiles
 b - 12 boomerangs (quivered)
 k - 9 javelins
Armour
 c - a +0 buckler (worn)
 e - a +0 chain mail (melded)
 y - a +0 pair of boots (melded)
 J - a +0 cloak (melded)
Magical Staves
 q - a staff of poison
Jewellery
 A - a +5 ring of evasion (left branch)
 I - a ring of protection from fire (right branch)
 L - a ring of magical power
Wands
 D - a wand of paralysis (14)
 M - a wand of roots (11)
Scrolls
 g - 2 scrolls of identify {unknown}
 l - 2 scrolls of vulnerability {unknown}
 m - 2 scrolls of teleportation {unknown}
 o - a scroll of torment {unknown}
 s - 2 scrolls of fog
 B - a scroll of amnesia {unknown}
 C - 3 scrolls of revelation
 E - 2 scrolls of poison {unknown}
 H - a scroll of fear {unknown}
Potions
 f - 3 potions of lignification
 h - 3 potions of resistance {unknown}
 i - a potion of degeneration {unknown}
 j - 7 potions of curing {unknown}
 n - 4 potions of cancellation {unknown}
 p - a potion of invisibility {unknown}
 r - 3 potions of mutation {unknown}
 t - 2 potions of heal wounds {unknown}
 v - a potion of experience {unknown}
 w - a potion of might
 x - 3 potions of brilliance {unknown}
 z - a potion of ambrosia {unknown}
 F - a potion of haste {unknown}
 G - a potion of magic {unknown}


   Skills:
 + Level 6.5(11.5) Fighting
 * Level 7.5(12.5) Axes
 + Level 6.5(11.5) Armour
 + Level 7.7(12.7) Shields
 + Level 4.7 Invocations
 + Level 4.7 Evocations


You had 9 spell levels left.
You didn't know any spells.
Your spell library contained the following spells:

 Spells                   Type           Power      Damage    Failure   Level
 Lesser Beckoning         Tloc           0%         N/A       56%         2
 Gell's Gravitas          Tloc           0%         N/A       80%         3
 Teleport Other           Tloc           0%         N/A       80%         3
 Volatile Blastmotes      Fire/Tloc      0%         2d10      80%         3
 Fulminant Prism          Conj/Hex       0%         3d5       99%         4
 Iskenderun's Mystic Bla  Conj/Tloc      0%         2d3       99%         4
 Summon Small Mammal      Summ           Unusable   N/A       N/A         1
 Call Canine Familiar     Summ           Unusable   N/A       N/A         3
 Summon Guardian Golem    Hex/Summ       Unusable   N/A       N/A         3

Dungeon Overview and Level Annotations

Branches:
Dungeon (8/15)             Temple (1/1) D:5
   Lair: D:8-11

Altars:
Ashenzari
Cheibriados
Dithmenos
Elyvilon
Fedhas
Gozag
Hepliaklqana
Kikubaaqudgha
Makhleb
Nemelex Xobeh
Okawaru
Qazlal
Ru
Sif Muna
Trog
Uskayaw
Vehumet
Wu Jian
Xom
Yredelemnul
Zin
The Shining One

Shops:
D:6 :

Annotations:
D:2 1 runed translucent door, Crazy Yiuf
D:7 Erica
Temple 2 transporters


Innate Abilities, Weirdness & Mutations

You are a tree.
Your roots penetrate the ground, keeping you stationary.
You cannot be teleported.
You are immune to unholy pain and torment.
Your maximum health is greatly increased.
Your equipment is partially melded.
You cannot be hasted, slowed, berserked, paralysed or teleported.
You can dig through walls and to a lower floor.
((You have a pair of large antennae on your head. (SInv)))
Your four strong arms can wield two-handed weapons with a shield.


Message History

You slice Erica!!
Erica is heavily wounded.
The steam dragon completely misses you. The steam dragon barely misses you.
Erica points at you and mumbles some strange words.
The lance of force misses you.
You slash Erica!
Erica is heavily wounded.
The steam dragon misses you. x2; Erica hits you but does no damage.
The steam dragon barely misses you.
The steam dragon claws you but does no damage.
Erica hits you but does no damage.
You puncture Erica!
Erica is almost dead.
You block the steam dragon's attack. The steam dragon misses you.
Erica casts a spell at you. The bolt of poison hits you!!
You are poisoned.
* * * LOW HITPOINT WARNING * * *
You feel very mighty all of a sudden.
* * * LOW HITPOINT WARNING * * *
You feel very sick.
The steam dragon bites you but does no damage.
You block the steam dragon's attack.
Erica hits you with a +0 scimitar of flaming.
* * * LOW HITPOINT WARNING * * *
You barely miss Erica.
Erica is almost dead.
* * * LOW HITPOINT WARNING * * *
You feel very sick. You block the steam dragon's attack.
The steam dragon barely misses you.
Erica points at you and mumbles some strange words.
The lance of force hits you!
* * * LOW HITPOINT WARNING * * *
You are knocked back by the lance of force.
It was a potion of lignification.
You turn into a tree.
Your +0 cloak melds into your body.
Your +0 pair of boots melds into your body.
Your +0 chain mail melds into your body.
Your roots penetrate the ground.
You die...

.<........#....#..#...#..........
......................####++####.
........^..#..........#........#.
......#......###......#........#.
......#.....###.......#...###..#.
......#...............'..#[.#..'.
......................'..#..#..'.
.................[[...#..###...#.
.###............♣.)#..#........#.
.#.##.##...........#..#........#.
.......##........D...#####++####.
.....#.............>..# #.......
........#.............## #...#>..
.......###.............###..#####
........##............###..#..#..
##......#............###........#
##....)....####..<..#...........


You could see a steam dragon.

Vanquished Creatures
  Maggie (D:7)
  3 yaks
  2 water moccasins
  2 black bears (D:5)
  An ice beast (D:6)
  An orc warrior (D:7)
  A sky beast (D:5)
  An ogre (D:5)
  3 phantoms
  A bullfrog (D:7)
  A gnoll sergeant (D:5)
  2 scorpions
  5 wights (D:7)
  2 hounds
  2 jellies
  3 orc priests
  A gnoll bouda (D:7)
  A sleepcap (D:6)
  2 iguanas
  4 orc wizards
  8 gnolls
  5 adders
  2 white imps
  A worm (D:2)
  3 dart slugs
  14 orcs
  6 ball pythons
  3 bats
  10 endoplasms
  9 goblins
  3 hobgoblins
  3 kobolds
  A quokka (D:5)
  3 frilled lizards (D:1)
  7 rats
117 creatures vanquished.

Vanquished Creatures (others)
  An orc (D:7)
1 creature vanquished.

Grand Total: 118 creatures vanquished

Notes
Turn   | Place    | Note
-------+----------+-------------------------------------------
     0 | D:1      | heikuro the Formicid Fighter began the quest for the Orb.
     0 | D:1      | Reached XP level 1. HP: 18/18 MP: 1/1
   169 | D:1      | Reached XP level 2. HP: 24/24 MP: 2/2
   387 | D:1      | Reached XP level 3. HP: 29/29 MP: 3/3
   840 | D:2      | Found a runed translucent door.
   841 | D:2      | Noticed Crazy Yiuf
  1375 | D:2      | Reached XP level 4. HP: 37/37 MP: 4/4
  1654 | D:3      | Reached XP level 5. HP: 38/42 MP: 5/5
  2003 | D:3      | Noticed a phantom
  2027 | D:3      | Killed a phantom
  2028 | D:3      | Reached skill level 5 in Shields
  2028 | D:3      | Reached XP level 6. HP: 47/48 MP: 6/6
  2347 | D:4      | Reached skill level 1 in Evocations
  2859 | D:5      | Entered Level 5 of the Dungeon
  2916 | D:5      | Reached XP level 7. HP: 55/55 MP: 7/7
  2962 | D:5      | Found a glowing silver altar of Zin.
  2962 | D:5      | Noticed an angel
  3048 | D:5      | Found a staircase to the Ecumenical Temple.
  3071 | Temple   | Found a transporter.
  3071 | Temple   | Found a transporter.
  3071 | Temple   | Found a transporter.
  3071 | Temple   | Found a transporter.
  3071 | Temple   | Entered the Ecumenical Temple
  3090 | Temple   | Became a worshipper of Warmaster Okawaru
  3183 | D:5      | Found a sparkling altar of Nemelex Xobeh.
  3352 | D:5      | Reached skill level 1 in Invocations
  3416 | D:5      | Reached skill level 5 in Axes
  3515 | D:5      | Reached skill level 5 in Armour
  3515 | D:5      | Reached XP level 8. HP: 54/61 MP: 9/9
  3591 | D:6      | Reached * piety under Okawaru
  3592 | D:6      | Reached skill level 5 in Fighting
  3609 | D:6      | Noticed a yak
  3618 | D:6      | Noticed a yak
  3619 | D:6      | Noticed a yak
  3643 | D:5      | Killed a yak
  4459 | D:6      | Reached XP level 9. HP: 66/68 MP: 9/11
  4685 | D:6      | Identified the +2 robe of the Catfish {+Inv rElec Dex+3}
  4907 | D:6      | Found Zicenac's Book Emporium.
  5113 | D:7      | Noticed Maggie
  5136 | D:7      | Killed Maggie
  5557 | D:7      | Reached ** piety under Okawaru
  5629 | D:7      | Found a shimmering blue altar of Sif Muna.
  5660 | D:7      | Reached XP level 10. HP: 69/77 MP: 13/13
  5790 | D:8      | Noticed Erica
  5815 | D:7      | HP: 1/77 [Erica/lance of force (8)]
  5816 | D:7      | Succumbed to Erica's bolt of poison

Illustrated notes

Levels and vault maps discovered:
D:1:      noname_arrival_rooms_in_the_neighbourhood, layout_rooms
D:2:      layout_loops_ring, serial_park_tiny_1, uniq_crazy_yiuf_cottage
D:3:      layout_rooms
D:4:      layout_loops_ring
D:5:      layout_gridville, zin_angel, nemelex_xobeh_ov_fountains_minmay,
          minmay_temple_entry_wispy, serial_bayou, serial_bayou_pond_e,
          serial_bayou_shore_b, serial_bayou_pond_c, serial_bayou_shore_a,
          serial_bayou_ford_a, serial_bayou_pond_d
D:6:      layout_basic, serial_shops, shop, hangedman_abyss_or_decor_stagger
D:7:      layout_cave_pools, lemuel_crystal_altar, kennysheep_generic_room_7,
          uniq_maggie
D:8:      layout_cave_pods, eino_tiny_chamber, uniq_erica
Temple:   hellmonk_temple_divided_pantheon

Skill      XL: |  1  2  3  4  5  6  7  8  9 |
---------------+----------------------------+-----
Axes           | 3 4 5 6 7 |  7.5
Fighting       | 4 5 6 |  6.5
Armour         | 4 5 6 |  6.5
Shields        | 5 6 7 |  7.7
Evocations     | 1 2 3 4 |  4.7
Invocations    | 1 3 4 |  4.7

Action                     |  1- 3 |  4- 6 |  7- 9 | 10-12 || total
---------------------------+-------+-------+-------+-------++-------
  Melee: War axe           |    84 |    23 |       |       ||   107
         Flail             |       |    84 |   285 |     6 ||   375
         Halberd           |       |       |       |     7 ||     7
  Throw: Boomerang         |    22 |       |     2 |       ||    24
 Invoke: Heroism           |       |       |     7 |     1 ||     8
Ability: Dig               |     1 |       |       |       ||     1
    Use: Scroll            |       |       |     3 |       ||     3
         Potion            |       |       |     1 |     2 ||     3
 Armour: Chain mail        |    53 |    44 |   148 |     8 ||   253
  Dodge: Dodged            |    23 |    72 |   218 |    21 ||   334
  Block: Buckler           |    21 |    33 |   131 |     7 ||   192

Table legend: (Time is in decaauts)
 A = Elapsed time spent in this place.
 B = Non-inter-level travel time spent in this place.
 C = Inter-level travel time spent in this place.
 D = Time resting spent in this place.
 E = Time spent auto-exploring this place.
 F = Levels seen in this place.
 G = Mean time per level.
                   A        B        C        D        E       F      G
               +--------+--------+--------+--------+--------+-----+--------+
         Total |   5957 |   5721 |    236 |    911 |   2467 |   9 |  661.9 |
       Dungeon |   5916 |   5680 |    236 |    911 |   2467 |   8 |  739.5 |
        Temple |     40 |     40 |      0 |      0 |      0 |   1 |   40.0 |
               +--------+--------+--------+--------+--------+-----+--------+

Top non-repeatable levels by time:
     D:5: 1500 daAuts
     D:2: 1031 daAuts
     D:4: 763 daAuts
     D:6: 753 daAuts
     D:7: 712 daAuts
     D:1: 624 daAuts
     D:3: 518 daAuts
  Temple: 40 daAuts
     D:8: 12 daAuts
